 Dungeon Crawl Stone Soup version 0.30.0-10-gfe55d96785 (webtiles) character file.

Game seed: 2685586227499139750

3417 Pimp the Skirmisher (level 9, 0/54 HPs)
             Began as a Deep Elf Hunter on May 14, 2023.
             Slain by a wight
             ... wielding a +2 flail
              (6 damage)
             ... on level 8 of the Dungeon on May 15, 2023.
             The game lasted 00:17:42 (7230 turns).

Pimp the Skirmisher (Deep Elf Hunter)               Turns: 7230, Time: 00:17:43

Health: 0/54       AC:  9    Str:  7 (8)  XL:     9   Next: 76%
Magic:  15/15      EV: 20    Int: 24 (25) God:
Gold:   282        SH:  0    Dex: 17 (20) Spells: 6/14 levels left

rFire   + + .        E - +4 long sword "Vywkomogo" {vamp, Int+4}
rCold   . . .        (no shield)
rNeg    . . .        i - +0 leather armour of Daffodils {-Cast rPois rF++ rCorr}
rPois   +            r - +1 helmet of Dyspraxia {Will+}
rElec   .            F - +1 cloak
rCorr   +            B - +0 pair of gloves
SInv    .            m - +0 pair of boots
Will    +....        f - amulet "Hiri" {Faith +Inv rCorr Int+4}
Stlth   ++++         H - +5 ring of evasion
HPRegen 0.29/turn    y - ring of poison resistance
MPRegen 0.14/turn

%: no spellcasting, faith
@: no status effects
A: no striking features
a: Evoke Invisibility


You were on level 8 of the Dungeon.
You visited 2 branches of the dungeon, and saw 9 of its levels.

You collected 282 gold pieces.

Inventory:

Hand Weapons
 a - a +0 shortbow of flaming
 u - a +0 rapier
 E - the +4 long sword "Vywkomogo" (weapon) {vamp, Int+4}
   (You found it on level 6 of the Dungeon)

   Int:       It affects your intelligence (+4).
Armour
 c - a +0 leather armour
 i - the +0 leather armour of Daffodils (worn) {-Cast rPois rF++ rCorr}
   (You found it on level 6 of the Dungeon)

   rF:        It greatly protects you from fire.
   rPois:     It protects you from poison.
   -Cast:     It prevents spellcasting.
   rCorr:     It protects you from acid and corrosion.
 m - a +0 pair of boots (worn)
 r - the +1 helmet of Dyspraxia (worn) {Will+}
   (You acquired it on level 8 of the Dungeon)

   Will:      It increases your willpower.
 B - a +0 pair of gloves (worn)
 F - a +1 cloak (worn)
Jewellery
 e - an amulet of the acrobat
 f - the amulet "Hiri" (around neck) {Faith +Inv rCorr Int+4}
   (You acquired it on level 6 of the Dungeon)

   [amulet of faith]

   It allows you to gain divine favour quickly.
   Int:       It affects your intelligence (+4).
   +Inv:      It lets you turn invisible.
   rCorr:     It protects you from acid and corrosion.
 g - a ring of see invisible
 j - a +6 ring of strength
 o - an amulet of reflection
 y - a ring of poison resistance (right hand)
 H - a +5 ring of evasion (left hand)
Wands
 s - a wand of charming (10)
 G - a wand of flame (9)
Scrolls
 b - 3 scrolls of immolation
 t - 6 scrolls of teleportation
 z - 2 scrolls of fog
 C - 3 scrolls of identify
Potions
 d - a potion of lignification
 h - a potion of might
 l - 2 potions of flight
 p - 2 potions of curing
 v - a potion of cancellation
 w - 2 potions of haste {unknown}
 x - a potion of attraction {unknown}
 A - 2 potions of magic
 D - a potion of invisibility {unknown}


   Skills:
 + Level 5.0 Fighting
 + Level 3.0 Long Blades
 + Level 10.8 Ranged Weapons
 + Level 7.3 Dodging
 + Level 7.7 Stealth
 + Level 3.1 Spellcasting
 + Level 2.6 Fire Magic
 + Level 3.7 Evocations


You had 6 spell levels left.
You knew the following spells:

 Your Spells              Type           Power      Damage    Failure   Level
a - Ignition              Fire           8%         3d5       100%        8

Your spell library contained the following spells:

 Spells                   Type           Power      Damage    Failure   Level
 Summon Small Mammal      Summ           12%        N/A       16%         1
 Ignite Poison            Fire/Tmut/Pois 7%         N/A       34%         3
 Call Canine Familiar     Summ           3%         N/A       43%         3
 Gell's Gravitas          Tloc           3%         N/A       43%         3
 Summon Guardian Golem    Hex/Summ       3%         N/A       43%         3
 Teleport Other           Tloc           3%         N/A       43%         3
 Sticky Flame             Conj/Fire      10%        2d3       67%         4
 Dispersal                Tloc           1%         N/A       100%        6


Dungeon Overview and Level Annotations

Branches:
Dungeon (8/15)             Temple (1/1) D:5            Lair (0/5) D:8

Altars:
Ashenzari
Dithmenos
Fedhas
Gozag
Makhleb
Nemelex Xobeh
Qazlal
Ru
Sif Muna
Trog
Uskayaw
Vehumet
Wu Jian
Xom
Yredelemnul
Zin

Shops:
D:1 **[:   D:6 (   D:8 [

Portals:
Bailey: D:8

Annotations:
D:4 3 runed translucent doors, Nidhogg036's ghost, amateur SpHW; apoch's ghost, novice MiFi


Message History

You hit the killer bee.
The killer bee is severely wounded.
You feel sick. The killer bee misses you. The killer bee closely misses you.
The killer bee completely misses you. x2; The killer bee stings you.
The killer bee misses you.
You hit the killer bee.
You feel better.
Your punch misses the killer bee.
The killer bee is moderately wounded.
You feel sick. The killer bee stings you. The killer bee barely misses you. x2
The killer bee misses you.
You hit the killer bee but do no damage.
The killer bee is moderately wounded.
You feel sick. The killer bee barely misses you. The killer bee stings you.
The killer bee misses you.
The killer bee stings you but does no damage.
The killer bee stings you. The killer bee barely misses you.
You hit the killer bee.
You feel better.
The killer bee is heavily wounded.
You feel sick. The killer bee closely misses you. The killer bee stings you!
* * * LOW HITPOINT WARNING * * *
The killer bee misses you. The killer bee completely misses you.
You slash the killer bee!
You kill the killer bee!
You feel sick. The killer bee completely misses you. The killer bee stings you.
* * * LOW HITPOINT WARNING * * *
The killer bee barely misses you.
You feel sick.
You are no longer poisoned.
The killer bee misses you. The killer bee completely misses you.
You see here a killer bee corpse.
The killer bee barely misses you.
You closely miss the killer bee. Your punch misses the killer bee.
The killer bee is severely wounded.
You hear the steady creaking of a portcullis.
The killer bee completely misses you. The killer bee stings you.
* * * LOW HITPOINT WARNING * * *
The killer bee closely misses you.
You slash the killer bee!
You kill the killer bee!
The wight hits you with a +2 flail.
You die...

.####.....###
###.. ......(.###
#....
.....##..######..#
.....###........#
...............###
.....#########..†#
.....# ###†## #
.....# ####z.#..##
..... #...@.....#
.... #.........#
.. #............#
#. #..........$.#
# #..)..#.###### #
#.)∩).#.# .
#..)....# #
#......##


You could see a wight.

Vanquished Creatures
  A hornet (D:8)
  Grinder (D:4)
  A wyvern (D:8)
  2 steam dragons
  Menkaure (D:4)
  A black bear (D:7)
  3 sky beasts (D:7)
  An ice beast (D:6)
  An ogre (D:5)
  A centaur (D:6)
  A kobold brigand (D:7)
  3 bullfrogs
  3 scorpions (D:5)
  7 wights
  6 killer bees
  A jelly (D:6)
  5 hounds
  4 orc priests (D:7)
  4 sleepcaps
  2 iguanas
  7 orc wizards
  Robin (D:4)
  7 adders
  A shadow imp (D:7)
  A white imp (D:7)
  An ufetubus (D:7)
  2 worms
  4 dart slugs
  16 orcs
  6 endoplasms
  5 giant cockroaches
  4 hobgoblins
  8 jackals
  4 quokkas
  7 ball pythons
  5 bats
  3 frilled lizards
  7 goblins
  11 kobolds
  5 rats
154 creatures vanquished.

Notes
Turn   | Place    | Note
-------+----------+-------------------------------------------
     0 | D:1      | Pimp the Deep Elf Hunter began the quest for the Orb.
     0 | D:1      | Reached XP level 1. HP: 12/12 MP: 3/3
   139 | D:1      | Found Lioh's Book Boutique.
   149 | D:1      | Reached XP level 2. HP: 16/17 MP: 4/4
   217 | D:1      | Found Fasyna's Assorted Antiques.
   249 | D:1      | Found Pawy's Antique Armour Emporium.
   464 | D:1      | Found Abluunok's Assorted Antiques.
   614 | D:1      | Found a shimmering blue altar of Sif Muna.
   841 | D:2      | Reached XP level 3. HP: 21/21 MP: 5/5
  1582 | D:2      | Reached skill level 6 in Ranged Weapons
  1750 | D:3      | Found a shimmering altar of Xom.
  1908 | D:3      | Reached XP level 4. HP: 26/26 MP: 6/6
  1916 | D:3      | Noticed a +0 short sword
  1916 | D:3      | Noticed a +0 dagger
  1916 | D:3      | Noticed a +0 spear
  1917 | D:3      | Noticed a +0 dagger
  1918 | D:3      | Noticed a +0 falchion
  1919 | D:3      | Noticed a +0 falchion
  1921 | D:3      | Noticed a +0 spear
  1925 | D:3      | Noticed a +0 short sword
  2051 | D:3      | Found a hide-covered altar of Uskayaw.
  2461 | D:4      | Found a runed translucent gate.
  2461 | D:4      | Found a runed translucent gate.
  2461 | D:4      | Found a runed translucent gate.
  2461 | D:4      | Noticed apoch's ghost (novice MiFi)
  2462 | D:4      | Noticed Nidhogg036's ghost (amateur SpHW)
  2481 | D:4      | Reached XP level 5. HP: 19/31 MP: 7/7
  2594 | D:4      | Noticed Grinder
  2605 | D:4      | Paralysed by Grinder for 2 turns
  2608 | D:4      | Killed Grinder
  2609 | D:4      | Reached skill level 7 in Ranged Weapons
  2609 | D:4      | Reached XP level 6. HP: 36/36 MP: 8/8
  2808 | D:4      | Noticed Menkaure
  2817 | D:4      | Killed Menkaure
  2818 | D:4      | Reached skill level 8 in Ranged Weapons
  2818 | D:4      | Reached XP level 7. HP: 32/41 MP: 9/9
  2880 | D:4      | Noticed Robin
  2892 | D:4      | Killed Robin
  3188 | D:5      | Entered Level 5 of the Dungeon
  3393 | D:5      | Reached skill level 5 in Dodging
  3393 | D:5      | Reached skill level 5 in Stealth
  3765 | D:5      | Found a staircase to the Ecumenical Temple.
  3792 | Temple   | Entered the Ecumenical Temple
  4304 | D:5      | Reached skill level 9 in Ranged Weapons
  4607 | D:5      | HP: 2/41 [poisoned by a killer bee]
  4623 | D:5      | Reached XP level 8. HP: 19/48 MP: 10/10
  4897 | D:6      | Found Qextiwij's Weapon Shop.
  4900 | D:6      | Identified the +0 leather armour of Daffodils {-Cast rPois
                  | rF++ rCorr}
  5161 | D:6      | Identified the +4 long sword "Vywkomogo" {vamp, Int+4}
  5260 | D:6      | Identified a scroll of acquirement
  5260 | D:6      | Acquired the amulet "Hiri" {Faith +Inv rCorr Int+4}
  5417 | D:6      | Reached skill level 1 in Evocations
  5446 | D:6      | Reached skill level 1 in Long Blades
  5448 | D:6      | Reached skill level 10 in Ranged Weapons
  5688 | D:7      | Found a bloodstained altar of Trog.
  6051 | D:7      | Reached XP level 9. HP: 34/52 MP: 11/11
  6060 | D:7      | Learned a level 8 spell: Ignition
  6255 | D:7      | Reached skill level 1 in Fire Magic
  6260 | D:7      | Identified the +2 dagger of Uncomfortable Rashes {flame,
                  | Int+3}
  6356 | D:7      | Found a shimmering blue altar of Sif Muna.
  6356 | D:7      | Found a stormy altar of Qazlal.
  6357 | D:7      | Found an opulent altar of Gozag.
  6432 | D:7      | Reached skill level 1 in Spellcasting
  6830 | D:8      | Noticed an elephant
  6842 | D:8      | Acquired the +1 helmet of Dyspraxia {Will+}
  7082 | D:8      | Found Qiergh's Armour Shoppe.
  7091 | D:8      | Found a staircase to the Lair.
  7199 | D:8      | Found a flagged portal.
  7217 | D:8      | Reached skill level 5 in Fighting
  7230 | D:8      | Slain by a wight

Illustrated notes

Levels and vault maps discovered:
D:1:      dpeg_arrival_lava_altar, layout_basic, serial_shops,
          nicolae_shop_back_alley_shop, shop, nicolae_diamond_shop, shop
D:2:      layout_basic, grunt_ministairs_14, dreamdust_princess_bridge
D:3:      layout_loops_ring, nicolae_uskayaw_en_pointe, xom_teletrap_fun
D:4:      layout_basic, gammafunk_ghost_cemetery, uniq_robin, uniq_grinder,
          uniq_menkaure
D:5:      layout_basic, minmay_temple_entry_slanted, minmay_fractal_squares_5
D:6:      layout_gridville, serial_shops, nicolae_shop_bloodbath_and_beyond,
          minivault_19
D:7:      layout_rooms, trog_three_pillars_becter,
          gammafunk_temple_overflow_claw, serial_demonic, serial_demonic_g,
          serial_demonic_c, serial_demonic_e, serial_demonic_b,
          kennysheep_crisscross
D:8:      minmay_separated_statues, layout_rooms, nicolae_elyvilon_temple_path,
          slow_altar_1, david_lair_generic, enter_bailey_2,
          kb_lookout_dungeons_type, minmay_strange_pillars,
          nicolae_stop_n_shop_1, kennysheep_generic_room_11
Temple:   dpeg_chambers_temple

Skill      XL: |  1  2  3  4  5  6  7  8  9 |
---------------+----------------------------+-----
Stealth        | 2 3 4 5 6 7 |  7.7
Dodging        | 3 4 5 6 7 |  7.3
Fighting       | 2 3 4 5 |  5.0
Ranged Weapons | 6 7 8 9 10 | 10.8
Evocations     | 2 3 |  3.7
Long Blades    | 2 3 |  3.0
Fire Magic     | 2 |  2.6
Spellcasting   | 3 |  3.1

Action                     |  1- 3 |  4- 6 |  7- 9 || total
---------------------------+-------+-------+-------++-------
  Melee: Long sword        |       |       |   113 ||   113
   Fire: Shortbow          |   104 |    76 |   279 ||   459
  Evoke: Wand              |       |       |     8 ||     8
    Use: Scroll            |       |     6 |    13 ||    19
         Potion            |       |     2 |     8 ||    10
 Armour: Leather armour    |     6 |     4 |    55 ||    65
         Skin              |       |     7 |       ||     7
  Dodge: Dodged            |    19 |    17 |   305 ||   341
  Block: Other             |       |     7 |    26 ||    33
